 Dungeon Crawl Stone Soup version bcrawl-1.31.4 (webtiles) character file.

Game seed: 12843057504418393549

308851 Morbidden the Ducker (level 9, -4/50 HPs)
             Began as a Twilight Stalker Transmuter on May 28, 2021.
             Slain by an orc warrior
             ... wielding a +0 great sword
              (21 damage)
             ... on level 6 of the Dungeon.
             The game lasted 00:11:33 (4289 turns).

Morbidden the Ducker (Twilight Stalker Transmuter)  Turns: 4289, Time: 00:11:33

Health: -4/50      AC: 18    Str: 13    XL:     9   Next: 0%
Magic:  15/15      EV:  7    Int: 15    God:
Gold:   412        SH:  7    Dex: 16    Spells: 9/15 levels left

rFire    . . .     SeeInvis .   a - +2 dagger (venom)
rCold    . . .     Gourm    .   E - +0 medium shield
rNeg     . . .     Faith    .   f - +5 ring mail
rPois    .         Spirit   .   C - +0 helmet
rElec    .         Reflect  .   (no cloak)
rCorr    .         Harm     .   l - +2 pair of gloves
MR       .....                  (no boots)
Stlth    +++.......             (no amulet)
HPRegen  0.56/turn              n - +4 ring of protection
MPRegen  0.14/turn              (no ring)

@: studying Long Blades, lightly drained
A: fangs 3, nightstalker 1, regeneration 1, no potion heal 3, rot immunity,
draining bite, strong jaws, assimilated armour
a: no special abilities


You were on level 6 of the Dungeon.
You were hungry.

You visited 1 branch of the dungeon, and saw 6 of its levels.
You also visited: Sewer.

You collected 412 gold pieces.

Inventory:

Hand Weapons
 a - a +2 dagger of venom (weapon)
 c - a +1 spear of venom
 D - a +0 long sword
Missiles
 g - 716 arrows
 p - 74 poisoned needles
 t - 45 curare-tipped needles
Armour
 f - a +5 ring mail (worn)
 l - a +2 pair of gloves (worn)
 C - a +0 helmet (worn)
 E - a +0 medium shield (worn)
Magical Staves
 r - an uncursed staff of poison {unknown}
Jewellery
 b - an uncursed amulet of faith
 n - a +4 ring of protection (left hand)
Wands
 u - a wand of acid (2)
 B - a wand of paralysis (10)
Scrolls
 d - a scroll of amnesia
 i - a scroll of identify
 s - 2 scrolls of enchant armour
 w - a scroll of teleportation
 x - a scroll of magic mapping {unknown}
 y - a scroll of blinking {unknown}
Potions
 h - 2 potions of curing
 j - a potion of invisibility {unknown}
 k - a potion of ambrosia
 m - 2 potions of degeneration {unknown}
 o - 2 potions of agility
 q - 3 potions of mutation
 v - a potion of flight {unknown}
 A - 2 potions of lignification
Comestibles
 e - 12 rations {!d}


   Skills:
 * Level 3.1(2.9) Fighting
 + Level 3.5(3.9) Short Blades
 * Level 3.3(3.8) Long Blades
 + Level 1.0(0.7) Polearms
 + Level 1.7(1.5) Armour
 * Level 5.3(5.1) Dodging
 * Level 3.4(3.1) Stealth
 + Level 5.0(4.7) Unarmed Combat
 * Level 3.9(3.6) Spellcasting
 + Level 3.8(3.5) Transmutations
 - Level 3.0(2.7) Poison Magic
 + Level 0.1(0.0) Evocations


You had 9 spell levels left.
You knew the following spells:

 Your Spells              Type           Power        Failure   Level  Hunger
a - Beastly Appendage     Tmut           ##....       99%         1    None
b - Sticks to Snakes      Tmut           ##......     100%        2    None
c - Spider Form           Tmut/Pois      ##.          100%        3    ####...

Your spell library contained the following spells:

 Spells                   Type           Power        Failure   Level  Hunger
 Apportation              Tloc           #.....       100%        1    None
 Infusion                 Chrm           #.......     100%        1    None
 Sandblast                Erth           #.....       100%        1    None
 Slow                     Hex            #.......     100%        1    None
 Summon Butterflies       Summ           #.......     100%        1    None
 Passwall                 Tmut/Erth      #.......     100%        2    None
 Ice Form                 Ice/Tmut       #.......     100%        4    #####..
 Blade Hands              Tmut           ##........   100%        5    ######.


Dungeon Overview and Level Annotations

Branches:
Dungeon (6/12)
 Temple: D:4-7

Altars:
Ashenzari
Dithmenos
Fedhas
Gozag
Kikubaaqudgha
Nemelex Xobeh
Sif Muna
Zin
The Shining One

Shops:
D:4 *

Annotations:
D:4 2 runed translucent doors, Morbidden's ghost, novice EnAc


Innate Abilities, Weirdness & Mutations

You have razor-sharp teeth.
You are slightly more attuned to the shadows.
Your natural rate of healing is unusually fast.
Potions cannot restore your health.
You are immune to rotting.
Your bite drains your enemy's life force.
Your bites deal extra damage.
Your stealth is less affected by armour.


Message History

The orc warrior hits you with a +0 great sword.
The gnoll sergeant barely misses you.
The gnoll sergeant hits you but does no damage.
You kill the gnoll sergeant!
Base training target 3.0 for Poison Magic reached!
Your base Poison Magic skill increases to level 3!
You have reached level 9!
Your experience leads to an increase in your attributes!
Increase (S)trength, (I)ntelligence, or (D)exterity?
You feel stronger.
You barely miss the orc warrior.
The orc warrior hits you with a +0 great sword!!
You hit the orc warrior but do no damage.
The orc warrior is poisoned.
You bite the orc warrior, but do no damage.
You hit the orc warrior but do no damage.
The orc warrior looks more poisoned.
The orc warrior is lightly wounded.
The orc warrior hits you with a +0 great sword!!
You die...

##.# ###.#
#..##..#.##
##...#......
#...........
##...........
#............
#<...###....#
##..## #.....
###@.##....#.
##.#o......##
##..........###
#....[..).....#
##..##.........
#....#......^##
................#
..................
.g###.....#.#..#..


You could see an orc warrior.

Vanquished Creatures
  A crocodile (Sewer)
  An orc warrior (D:5)
  An ice beast (D:5)
  A sky beast (D:4)
  6 ogres
  Blork the orc (D:6)
  A gnoll sergeant (D:6)
  A wight (D:5)
  A howler monkey (D:5)
  A crimson imp (D:4)
  3 hounds
  3 iguanas (D:5)
  Jessica (D:3)
  Terence (D:1)
  6 worker ants
  A howler monkey skeleton (D:5)
  7 adders
  An ooze (D:4)
  An adder skeleton (D:5)
  A worm (D:3)
  2 dart slugs
  6 leopard geckos
  7 orcs
  2 ball pythons (D:2)
  5 giant cockroaches
  2 goblins (D:1)
  7 hobgoblins
  11 jackals
  11 kobolds
  2 bats (D:3)
  2 frilled lizards (D:1)
  4 rats
101 creatures vanquished.

Notes
Turn   | Place    | Note
-------+----------+-------------------------------------------
     0 | D:1      | Morbidden the Vine Stalker Transmuter began the quest for
                  | the Orb.
     0 | D:1      | Reached XP level 1. HP: 11/11 MP: 4/4
   228 | D:1      | Reached XP level 2. HP: 16/16 MP: 4/6
   575 | D:1      | Learned a level 2 spell: Sticks to Snakes
   840 | D:2      | Noticed Terence
   857 | D:1      | Killed Terence
   858 | D:1      | Reached skill level 1 in Fighting
   858 | D:1      | Reached XP level 3. HP: 13/20 MP: 7/7
   958 | D:2      | Reached XP level 4. HP: 25/25 MP: 8/8
  1033 | D:2      | Found a shadowy altar of Dithmenos.
  1167 | D:2      | Found a shattered altar of Ashenzari.
  1440 | D:3      | Reached skill level 1 in Polearms
  1440 | D:3      | Reached skill level 1 in Stealth
  1699 | D:3      | Reached XP level 5. HP: 29/29 MP: 9/9
  1829 | D:3      | Found a glowing golden altar of the Shining One.
  1918 | D:3      | Noticed Jessica
  1932 | D:3      | Killed Jessica
  1945 | D:3      | Learned a level 3 spell: Spider Form
  2127 | D:4      | Noticed a sky beast
  2137 | D:4      | Killed a sky beast
  2138 | D:4      | Reached skill level 1 in Short Blades
  2138 | D:4      | Gained mutation: You have razor-sharp teeth. [Vine Stalker
                  | growth]
  2138 | D:4      | Reached XP level 6. HP: 29/35 MP: 9/11
  2273 | D:4      | Found a glowing drain.
  2300 | D:4      | Reached skill level 1 in Poison Magic
  2322 | Sewer    | Entered a sewer
  2379 | Sewer    | Noticed a crocodile
  2405 | Sewer    | Killed a crocodile
  2406 | Sewer    | Reached XP level 7. HP: 40/40 MP: 12/12
  2491 | D:4      | Found Noiferen's Needful Niceties.
  2730 | D:4      | Found a large runed translucent door.
  2735 | D:4      | Found a large runed translucent door.
  2735 | D:4      | Noticed Morbidden's ghost (novice EnAc)
  3087 | D:4      | Reached skill level 1 in Armour
  3334 | D:5      | Entered Level 5 of the Dungeon
  3400 | D:5      | Found a sparkling altar of Nemelex Xobeh.
  3400 | D:5      | Found an opulent altar of Gozag.
  3544 | D:5      | Reached skill level 5 in Unarmed Combat
  3544 | D:5      | Gained mutation: Your bite drains your enemy's life force.
                  | [Twilight Stalker growth]
  3544 | D:5      | Gained mutation: Your stealth is less affected by armour.
                  | [Twilight Stalker growth]
  3544 | D:5      | Gained mutation: You are slightly more attuned to the
                  | shadows. [Twilight Stalker growth]
  3544 | D:5      | Reached XP level 8. HP: 27/45 MP: 13/14
  3686 | D:5      | Reached skill level 1 in Long Blades
  3758 | D:5      | Reached skill level 5 in Dodging
  3849 | D:5      | Got a transparent ivory ring
  3875 | D:5      | Found a shimmering blue altar of Sif Muna.
  3876 | D:5      | Identified the cursed ring "Bafamivi" {Int+2 Stlth--} (You
                  | found it on level 5 of the Dungeon)
  3994 | D:5      | Found a glowing silver altar of Zin.
  3996 | D:5      | Found an ancient bone altar of Kikubaaqudgha.
  4001 | D:5      | Found a faded altar of an unknown god.
  4017 | D:5      | Found a faded altar of an unknown god.
  4018 | D:5      | Found a blossoming altar of Fedhas.
  4202 | D:6      | Noticed Blork the orc
  4214 | D:6      | Killed Blork the orc
  4287 | D:6      | Reached XP level 9. HP: 33/50 MP: 15/15
  4289 | D:6      | Slain by an orc warrior

Skill      XL: |  1  2  3  4  5  6  7  8 |
---------------+-------------------------+-----
Fighting       | 1 2 3 |  3.1
Polearms       | 1 |  1.0
Stealth        | 1 2 3 |  3.4
Unarmed Combat | 4 5 |  5.0
Short Blades   | 1 2 3 |  3.5
Dodging        | 3 4 5 |  5.3
Transmutations | 3 |  3.8
Poison Magic   | 1 3 |  3.0
Spellcasting   | 3 |  3.9
Armour         | 1 |  1.7
Long Blades    | 3 |  3.3
Evocations     | |  0.1

Action                   |  1- 3 |  4- 6 |  7- 9 || total
-------------------------+-------+-------+-------++-------
Melee: Spear             |    28 |       |       ||    28
       Dagger            |    16 |   153 |   172 ||   341
       Kick              |     3 |       |     1 ||     4
       Bite              |     2 |    10 |    40 ||    52
       Punch             |       |     2 |     4 ||     6
 Cast: Beastly Appendage |     5 |       |     2 ||     7
Evoke: Wand              |       |       |     3 ||     3
  Use: Scroll            |       |     7 |     2 ||     9
       Potion            |       |     3 |       ||     3
 Stab: Sleeping          |     1 |     3 |     1 ||     5
  Eat: Chunk             |     1 |     8 |     9 ||    18
Armor: Robe              |     1 |     4 |       ||     5
       Ring mail         |       |    60 |    66 ||   126
       Skin              |       |    12 |       ||    12
Dodge: Dodged            |    30 |    68 |    91 ||   189
Block: Medium shield     |       |       |     1 ||     1
